 Dungeon Crawl Stone Soup version 0.31.0-11-ge490571c62 (webtiles) character file.

Game seed: 9680501599064492695

24 qw the Shooter (level 2, -1/16 HPs)
             Began as a Deep Elf Hunter on Feb 4, 2024.
             Slain by a hobgoblin (4 damage)
             ... on level 2 of the Dungeon.
             The game lasted 00:00:01 (495 turns).

qw the Shooter (Deep Elf Hunter)                     Turns: 495, Time: 00:00:02

Health: -1/16      AC:  3    Str:  8    XL:     2   Next: 79%
Magic:  4/4        EV:  6    Int: 13    God:
Gold:   36         SH:  0    Dex: 18    Spells: 1/1 levels left

rFire   . . .        a - +0 shortbow
rCold   . . .        (shield currently unavailable)
rNeg    . . .        c - +0 leather armour
rPois   .            (no helmet)
rElec   .            (no cloak)
rCorr   .            (no gloves)
SInv    .            (no boots)
Will    .....        (no amulet)
Stlth   ++           (no ring)
HPRegen 0.22/turn    (no ring)
MPRegen 0.09/turn

%: no passive effects
@: lethally poisoned (-1 -> -6), held
A: no striking features
a: no special abilities


You were on level 2 of the Dungeon.
You visited 1 branch of the dungeon, and saw 2 of its levels.

You collected 36 gold pieces.


   Skills:
 - Level 1.5 Fighting
 + Level 6.5 Ranged Weapons
 - Level 2.4 Dodging
 - Level 1.2 Stealth


You had one spell level left.
You didn't know any spells.
Your spell library was empty.

Inventory:

Hand Weapons
 a - a +0 shortbow (weapon)
Armour
 c - a +0 leather armour (worn)
Potions
 d - a potion of haste {unknown}

Dungeon Overview and Level Annotations

Branches:
Dungeon (2/15)

Altars:

Shops:
D:1 !


Message History

What level of the Dungeon? (default 1, ? - help)
There is a stone staircase leading down here.
You climb downwards.
Found a stone staircase leading up.
There is a stone staircase leading up here.
There are monsters nearby!
Waypoint 1 assigned to D:2.
485 ||| RETREEEEATING.
486 ||| RETREEEEATING.
The adder hisses angrily.
The hobgoblin shouts!
The ribbon worm expels a string of sticky webbing.
The stream of webbing hits you but does no damage.
You are caught in a web!
There is a web here.
You struggle to detach yourself from the web.
The adder bites you.
The web tears apart.
The adder misses you. The ribbon worm misses you.
489 ||| RETREEEEATING.
The adder barely misses you.
The hobgoblin attacks as it pursues you!
The hobgoblin barely misses you. The ribbon worm closely misses you.
You shoot an arrow. The arrow barely misses the adder.
The adder misses you. x2; The hobgoblin closely misses you.
You shoot an arrow.
The arrow hits the adder but does no damage.
The adder bites you. The ribbon worm bites you.
The hobgoblin barely misses you.
You shoot an arrow. The arrow hits the adder.
The adder is lightly wounded.
The adder closely misses you. The ribbon worm closely misses you.
The hobgoblin barely misses you. The adder misses you.
You shoot an arrow. The arrow barely misses the adder.
The adder bites you but does no damage.
The ribbon worm expels a string of sticky webbing.
The stream of webbing hits you but does no damage.
You are caught in a web!
The hobgoblin barely misses you. The adder bites you.
You are lethally poisoned!
The adder poisons you! The ribbon worm bites you. The hobgoblin hits you.
You feel sick. The adder bites you but does no damage. The hobgoblin hits you.
You die...

########
#......#
#@w....#
#gS....#
#B.....#
#<.....#
#......#
#......#
#......#
#......#
S<.......


You could see a ribbon worm (catching breath), an adder, a giant cockroach and a
hobgoblin.

Vanquished Creatures
  A dart slug (D:1)
  3 endoplasms (D:1)
  2 goblins (D:1)
  2 jackals (D:1)
  3 kobolds (D:1)
  A quokka (D:1)
  2 ball pythons (D:1)
  4 bats (D:1)
  2 frilled lizards (D:1)
  2 rats (D:1)
22 creatures vanquished.

Notes
Turn   | Place    | Note
-------+----------+-------------------------------------------
     0 | D:1      | qw the Deep Elf Hunter began the quest for the Orb.
     0 | D:1      | Reached XP level 1. HP: 12/12 MP: 3/3
     0 | D:1      | 0 ||| qw: Version: 0.3-a-160-g6735b56
     0 | D:1      | 0 ||| qw: Game counter: 4381
     0 | D:1      | 0 ||| qw: Melee chars always use a shield: true
     0 | D:1      | 0 ||| qw: God list: Okawaru
     0 | D:1      | 0 ||| qw: Allow faded altars: false
     0 | D:1      | 0 ||| qw: Do Orc after clearing Dungeon:15 true
     0 | D:1      | 0 ||| qw: Do second Lair branch before Depths: true
     0 | D:1      | 0 ||| qw: Lair rune preference: random
     0 | D:1      | 0 ||| qw: Goals: Normal
     0 | D:1      | 0 ||| PLANNING D:1-11
    69 | D:1      | Found Gytwah's Distillery.
   102 | D:1      | 102 ||| SHOPLISTING potion of cancellation (88 gold, have
                  | 18).
   102 | D:1      | 102 ||| SHOPLISTING potion of curing (33 gold, have 18).
   102 | D:1      | 102 ||| SHOPLISTING potion of enlightenment (55 gold, have
                  | 18).
   102 | D:1      | 102 ||| SHOPLISTING potion of haste (110 gold, have 18).
   102 | D:1      | 102 ||| SHOPLISTING potion of heal wounds (55 gold, have
                  | 18).
   117 | D:1      | Reached XP level 2. HP: 16/16 MP: 4/4
   138 | D:1      | Reached skill level 6 in Ranged Weapons
   370 | D:1      | 370 ||| READING scroll labelled CONKOT QYSI.
   471 | D:1      | 471 ||| DROPPING scroll of butterflies.
   485 | D:2      | 485 ||| RETREEEEATING.
   486 | D:2      | 486 ||| RETREEEEATING.
   489 | D:2      | 489 ||| RETREEEEATING.
   495 | D:2      | HP: 3/16 [poisoned by an adder]
   495 | D:2      | Slain by a hobgoblin

Levels and vault maps discovered:
D:1:      lemuel_arrival_lava_pool, layout_rooms, serial_shops,
          nicolae_shop_industrial_runoff
D:2:      layout_rooms, basic_altar, ebering_ecumenical_altar_abandoned

Skill      XL: |  1  2 |
---------------+-------+-----
Ranged Weapons | 6 |  6.5
Fighting       | |  1.5
Dodging        | |  2.4
Stealth        | |  1.2

Action                     || total
---------------------------++-------
   Fire: Shortbow          ||    57
    Use: Scroll            ||     1
 Armour: Leather armour    ||    16
  Dodge: Dodged            ||    25

Table legend:
 A = Non-vault XP
 B = Vault XP
 C = Vault XP percentage of total XP
 D = Non-vault monster count
 E = Vault monster count
 F = Vault count percentage of total count
                 A         B        C        D         E       F
            +---------+---------+-------+---------+---------+-------
      Total |      35 |       0 |   0.0 |      22 |       0 |   0.0
            +---------+---------+-------+---------+---------+-------
        D:1 |      35 |       0 |   0.0 |      22 |       0 |   0.0
            +---------+---------+-------+---------+---------+-------
